 Dungeon Crawl Stone Soup version 0.22.1-1-ga44c0e5 (webtiles) character file.

203 Mesmaeker13 the Chiller (level 5, -9/46 HPs)
             Began as an Octopode Ice Elementalist on Oct 7, 2018.
             Mangled by an ogre
             ... wielding a +0 giant club
              (15 damage)
             ... on level 5 of the Dungeon.
             The game lasted 00:12:51 (4423 turns).

Mesmaeker13 the Chiller (Octopode Ice Elementalist) Turns: 4423, Time: 00:12:51

Health: -9/46      AC: 22    Str: 12    XL:     5   Next: 81%
Magic:  5/8        EV:  2    Int: 16    God:
Gold:   170        SH:  0    Dex: 14    Spells: 2/8 levels left

rFire    x . .     SeeInvis .   q - +0 mace (protect)
rCold    + . .     Gourm    .   (no shield)
rNeg     + + +     Faith    .   (helmet currently unavailable)
rPois    +         Spirit   .   (no amulet)
rElec    .         Reflect  .   f - +5 ring of strength
rCorr    .         Harm     .   a - ring of ice
MR       .....     NoTele   +   j - +2 ring of dexterity
Stlth    ++........             c - -3 ring of intelligence (curse)
HPRegen  0.15/turn              (no ring)
MPRegen  0.11/turn              (no ring)
                                (no ring)
                                (no ring)

@: tree-form
A: almost no armour, stealthy swim, (amphibious), 8 rings, (constrict 8)
a: no special abilities


You were on level 5 of the Dungeon.
You were not hungry.
You were a tree.
You visited 1 branch of the dungeon, and saw 5 of its levels.

You collected 170 gold pieces.

Inventory:

Hand Weapons
 p - a +0 blowgun
 q - a +0 mace of protection (weapon)
 s - a +0 war axe of flaming
Missiles
 e - 175 stones (quivered)
Jewellery
 a - a ring of ice (right branch)
 c - a cursed -3 ring of intelligence (on tentacle)
 f - a +5 ring of strength (left branch)
 j - a +2 ring of dexterity (on tentacle)
Scrolls
 i - a scroll of enchant weapon
 l - 2 scrolls of immolation
 n - 3 scrolls of blinking
Potions
 d - a potion of heal wounds
 h - a potion of flight
 m - a potion of curing {unknown}
 t - a potion of brilliance {unknown}
Comestibles
 b - 8 rations


   Skills:
 + Level 3.7 Dodging
 - Level 2.6 Stealth
 - Level 2.0 Spellcasting
 + Level 2.7 Conjurations
 + Level 0.7 Charms
 + Level 4.4 Ice Magic


You had 2 spell levels left.
You knew the following spells:

 Your Spells              Type           Power        Failure   Level  Hunger
a - Freeze                Ice            ###.         3%          1    #......
b - Throw Frost           Conj/Ice       ###...       7%          2    ###....
c - Ozocubu's Armour      Chrm/Ice       ###.....     22%         3    ###....

Your spell library contained the following spells:

 Spells                   Type           Power        Failure   Level  Hunger
 Throw Icicle             Conj/Ice       ###.....     43%         4    #####..
 Summon Ice Beast         Ice/Summ       ##......     63%         4    #####..


Dungeon Overview and Level Annotations

Branches:
Dungeon (5/15)
 Temple: D:4-7

Altars:
Dithmenos
Zin
The Shining One

Annotations:
D:3 1 runed door


Innate Abilities, Weirdness & Mutations

You cannot wear most types of armour.
You are very stealthy in the water. (Stealth+)
((You are amphibious.))
You can wear up to eight rings at the same time.
((You can use your tentacles to constrict eight enemies at once.))
((Your skin changes colour to match your surroundings (Stealth+).))
((Your rubbery body absorbs attacks. (AC +1, EV +1)))


Message History

Press: ? - help, Shift-Dir - straight line, f - orc
Aim: an orc, wielding a flail (grey smoke)
You feel a surge of power!
You freeze the orc.
The orc is moderately wounded.
The orc hits you with a flail.
Casting: Freeze (safe; 3% risk of failure)
Confirm with . or Enter, or press ? or * to list all spells.
Aiming: Freeze (safe; 3% risk of failure)
Press: ? - help, Shift-Dir - straight line, f/p - orc
Aim: an orc, wielding a flail (grey smoke, moderately wounded)
You feel a surge of power!
You freeze the orc.
You kill the orc!
The orc hits you with a hand axe of electrocution.
You are electrocuted!
* * * LOW HITPOINT WARNING * * *
Okay, then.
Okay, then.
You turn into a tree.
Your roots penetrate the ground.
The ogre hits you with a giant club!
You die...

*,,** ##,*
**,,* ##.,*
**,* ####.S**
*,,* *..O.o*
**,** *,....*
**,** *,,#§§*
**,**
*,,#§§## *,**
*,,#§oO# ,**
**,,#§S♣# **
****,,*#####
* ***,**,,* *
**,,,,*,,*
****,,,,,**,*
,**,,***,**,*
*,*,** *,**,*
*,*,* **,,**
*,*** ****


You could see an ogre, an adder and an orc.

Vanquished Creatures
  A jelly (D:5)
  8 adders
  An ooze (D:1)
  4 worms
  A dart slug (D:3)
  A leopard gecko (D:3)
  10 orcs
  A ball python (D:2)
  5 bats
  3 giant cockroaches
  4 goblins
  9 hobgoblins
  4 jackals
  10 kobolds
  5 frilled lizards
  4 rats
71 creatures vanquished.

Notes
Turn   | Place    | Note
-------+----------+-------------------------------------------
     0 | D:1      | Mesmaeker13 the Octopode Ice Elementalist began the quest
                  | for the Orb.
     0 | D:1      | Reached XP level 1. HP: 11/11 MP: 3/3
    85 | D:1      | Reached XP level 2. HP: 13/17 MP: 0/5
   907 | D:2      | Found a glowing golden altar of the Shining One.
   911 | D:2      | Learned a level 2 spell: Throw Frost
   932 | D:2      | Reached XP level 3. HP: 20/21 MP: 4/6
  1713 | D:2      | Reached XP level 4. HP: 27/27 MP: 3/7
  1872 | D:2      | Learned a level 3 spell: Ozocubu's Armour
  2084 | D:3      | Noticed an orc warrior
  2196 | D:2      | Reached skill level 4 in Ice Magic
  2327 | D:3      | Found a runed door.
  2571 | D:3      | Found a shadowy altar of Dithmenos.
  2630 | D:3      | Reached XP level 5. HP: 30/31 MP: 1/8
  3371 | D:4      | Found a glowing silver altar of Zin.
  4160 | D:5      | Entered Level 5 of the Dungeon
  4198 | D:5      | Noticed an ogre
  4239 | D:5      | HP: 1/31 [acid (10)]
  4292 | D:5      | Noticed an ogre
  4408 | D:5      | Noticed a centaur
  4418 | D:5      | Noticed an ogre
  4423 | D:5      | Mangled by an ogre

Skill      XL: |  1  2  3  4 |
---------------+-------------+-----
Dodging        | 3 |  3.7
Conjurations   | 2 |  2.7
Ice Magic      | 4 |  4.4
Stealth        | |  2.6
Spellcasting   | |  2.0
Charms         | |  0.7

Action                   |  1- 3 |  4- 6 || total
-------------------------+-------+-------++-------
Melee: Dagger            |    10 |    11 ||    21
       Constrict         |     4 |     4 ||     8
       Tentacles         |     4 |     1 ||     5
       Mace              |       |     1 ||     1
Throw: Stone             |     9 |       ||     9
 Cast: Freeze            |    36 |    53 ||    89
       Throw Frost       |     7 |    21 ||    28
  Use: Scroll            |     2 |     8 ||    10
       Potion            |       |     3 ||     3
 Stab: Sleeping          |     2 |     1 ||     3
       Distracted        |     1 |       ||     1
  Eat: Chunk             |     3 |     6 ||     9
       Ration            |       |     2 ||     2
Armor: Skin              |     3 |       ||     3
Dodge: Dodged            |    25 |    30 ||    55
